 Dungeon Crawl Stone Soup version 0.17-a0-1635-gd4e48f1 (webtiles) character file.

7 hexophile the Ducker (level 1, -1/11 HPs)
             Began as a Spriggan Abyssal Knight on Aug 4, 2015.
             Was a Follower of Lugonu.
             Slain by a hobgoblin (3 damage)
             ... on level 1 of the Dungeon.
             The game lasted 00:03:05 (314 turns).

hexophile the Ducker (Spriggan Abyssal Knight)       Turns: 314, Time: 00:03:06

Health: -1/11      AC:  2    Str:  8    XL:     1   Next: 91%
Magic:  3/3        EV: 19    Int: 13    God:    Lugonu [*.....]
Gold:   26         SH:  0    Dex: 15    Spells: 0 memorised, 0 levels left

rFire  . . .     SeeInvis +     a - +1 short sword
rCold  . . .     Clarity  .     b - +0 robe
rNeg   . . .     SustAt   .     (shield restricted)
rPois  .         Gourm    .     (helmet restricted)
rElec  .         Spirit   .     (no cloak)
rCorr  .         Warding  .     (gloves unavailable)
rMut   .         Stasis   .     (boots unavailable)
MR     .....                    (no amulet)
Stlth  ++........               (no ring)
                                (no ring)

@: very quick, not resistant to hostile enchantments, unstealthy
A: unfitting armour, see invisible, herbivore 3, speed 3, slow metabolism 2
a: Depart the Abyss, Renounce Religion


You were on level 1 of the Dungeon.
You worshipped Lugonu.
Lugonu was aware of your devotion.
You were not hungry.

You visited 1 branch of the dungeon, and saw 1 of its levels.
You visited the Abyss 1 time.

You collected 26 gold pieces.

Inventory:

Hand weapons
 a - a +1 short sword (weapon)
 f - the +7 blowgun of the End {speed, +Fly}
   (You found it on level 2 of the Abyss)

   Attacks with this weapon are significantly faster.
   It lets you fly.
Missiles
 h - 12 stones (quivered)
Armour
 b - a +0 robe (worn)
Magical devices
 g - a wand of draining (9)
Scrolls
 e - a scroll of teleportation
 j - a scroll of enchant armour {unknown}
Potions
 i - a potion of curing {unknown}
 k - a potion of degeneration {unknown}
Miscellaneous
 d - a phial of floods
Comestibles
 c - a bread ration


   Skills:
 - Level 2.4 Fighting
 - Level 2.1 Short Blades
 * Level 0.9 Throwing
 * Level 3.9 Dodging
 - Level 1.2 Stealth
 - Level 1.7 Invocations


You couldn't memorise any spells.
You didn't know any spells.

Dungeon Overview and Level Annotations

Branches:
Dungeon (1/15)

Altars:


Innate Abilities, Weirdness & Mutations

You are tiny and cannot use many weapons and most armour.
You have supernaturally acute eyesight.
You are a herbivore.
You cover ground extremely quickly.
You need consume almost no food.


Message History

You see here 3 chunks of flesh.
You see here a club.
You see here a club.
A hobgoblin comes into view.
Found a stone staircase leading down.
A hobgoblin is nearby!
The hobgoblin shouts!
You closely miss the hobgoblin. The hobgoblin hits you.
You barely miss the hobgoblin. The hobgoblin completely misses you.
You hit the hobgoblin.
The hobgoblin is moderately wounded.
The hobgoblin misses you.
You barely miss the hobgoblin.
The hobgoblin is moderately wounded.
The hobgoblin hits you.
* * * LOW HITPOINT WARNING * * *
You hit the hobgoblin.
The hobgoblin is severely wounded.
The hobgoblin hits you.
You die...

### ..# #.# #.#
#.# #.#
#.###########.###
.............@g>#
#.####.#########
#.# #.##
###..#########
#......).%...#
.....########.#.#
..... ...#.#
.....# #####.#


You could see a hobgoblin.

Vanquished Creatures
  A bat (D:1)
  2 goblins (D:1)
  A hobgoblin (D:1)
  A kobold (D:1)
  2 rats (D:1)
7 creatures vanquished.

Notes
Turn   | Place    | Note
--------------------------------------------------------------
     0 | Abyss:1  | hexophile the Spriggan Abyssal Knight began the quest for the Orb.
     0 | Abyss:1  | Reached XP level 1. HP: 11/11 MP: 3/3
    50 | Abyss:2  | Noticed a sky beast
    50 | Abyss:2  | Noticed a worldbinder
    56 | Abyss:2  | Got a pitted blowgun
    96 | Abyss:2  | Noticed a raiju
   131 | Abyss:2  | Noticed an ogre
   132 | Abyss:2  | Identified the +7 blowgun of the End {speed, +Fly} (You found it on level 2 of the Abyss)
   132 | Abyss:2  | Noticed a wasp
   132 | Abyss:2  | an ogre changed into a wasp
   139 | Abyss:2  | Noticed a ynoxinul
   188 | Abyss:3  | Noticed a wizard
   190 | D:1      | Escaped the Abyss
   207 | D:1      | Acquired Lugonu's first power
   207 | D:1      | Reached skill level 1 in Stealth
   314 | D:1      | Slain by a hobgoblin

Vault maps used:
D:1:      erik_arrival_gehennom, minivault_27, hangedman_feature_mirror
Abyss:2:  due_exit_kobolds
Abyss:3:  hangedman_abyss_exit_choices

Action                   || total
-------------------------++-------
Melee: Short sword       ||    19
Invok: Depart the Abyss  ||     1
  Use: Scroll            ||     2
 Stab: Sleeping          ||     1
